 Dungeon Sprint DCSS version 0.24.0-13-gcf9b3192b9 (webtiles) character file.

Game seed: 9141235123185562376, levelgen mode: deterministic

447 Arum the Fighter (level 7, 20/75 HPs)
             Began as a Naga Fighter on Nov 6, 2019.
             Was a Believer of Cheibriados.
             Quit the game in the Dungeon (Sprint V: "Ziggurat Sprint").
             The game lasted 00:04:24 (163 turns).

Arum the Fighter (Naga Fighter)                      Turns: 163, Time: 00:04:24

Health: 20/75      AC: 17    Str: 35    XL:     7   Next: 3%
Magic:  7/7        EV: -1    Int: 13    God:    Cheibriados [**....]
Gold:   0          SH: 31    Dex: 18    Spells: 6/6 levels left

rFire    + . .     SeeInvis +   l - +6 shillelagh "Devastator" {shatter}
rCold    + . .     Gourm    .   b - +18 shield of the Gong {rElec rN+ MR+ EV-5}
rNeg     + . .     Faith    .   a - +5 gold dragon scales
rPois    +         Spirit   .   (no helmet)
rElec    +         Reflect  .   (no cloak)
rCorr    .         Harm     .   (no gloves)
MR       +....     NoTele   +   (no barding)
Stlth    ..........             (no amulet)
HPRegen  0.22/turn              F - +6 ring of strength
MPRegen  0.10/turn              G - +6 ring of strength

@: slowed, very slow
A: large, see invisible, deformed body, poison resistance, slowness 2, slow
metabolism 1, spit poison 1, AC +2
a: Spit Poison, Bend Time, Renounce Religion


You were in the Dungeon.
You worshipped Cheibriados.
Cheibriados was pleased with you.
You were not hungry.

You visited 1 branch

Inventory:

Hand Weapons
 c - a +5 demon whip
 l - the +6 shillelagh "Devastator" (weapon) {shatter}
   (You found it in the Dungeon)
Armour
 a - +5 gold dragon scales (worn)
 b - the +18 shield of the Gong (worn) {rElec rN+ MR+ EV-5}
   (You found it in the Dungeon)

   It affects your evasion (-5).
   It insulates you from electricity.
   It protects you from negative energy.
   It affects your resistance to hostile enchantments.
Jewellery
 A - an uncursed ring of flight
 B - a +6 ring of dexterity
 C - a +6 ring of dexterity
 D - a +6 ring of intelligence
 E - a +6 ring of intelligence
 F - a +6 ring of strength (left hand)
 G - a +6 ring of strength (right hand)
Wands
 x - a wand of disintegration (7)
 y - a wand of iceblast (7)
 z - a wand of acid (7)
Scrolls
 k - 4 scrolls of blinking
 m - 4 scrolls of amnesia
 n - 7 scrolls of fog
 o - a scroll of holy word
 p - 5 scrolls of identify
 q - 5 scrolls of remove curse
 r - 2 scrolls of fear
Potions
 d - 6 potions of might
 e - 10 potions of curing
 g - 9 potions of heal wounds
 i - 7 potions of magic
 s - 2 potions of brilliance
 t - 2 potions of invisibility
 u - 4 potions of resistance
 w - 5 potions of agility
Miscellaneous
 H - a lightning rod (4/4)
Comestibles
 f - 7 rations
 h - a chunk of flesh


   Skills:
 + Level 8.5 Fighting
 + Level 6.0 Maces & Flails
 + Level 6.7 Armour
 + Level 7.5 Shields


You had 6 spell levels left.
You didn't know any spells.
Your spell library was empty.

Dungeon Overview and Level Annotations

Branches:
Dungeon (1/1)

Altars:
Ashenzari
Cheibriados
Dithmenos
Elyvilon
Fedhas
Gozag
Hepliaklqana
Kikubaaqudgha
Makhleb
Nemelex Xobeh
Okawaru
Qazlal
Ru
Sif Muna
Trog
Uskayaw
Vehumet
Wu Jian
Xom
Yredelemnul
Zin
The Shining One
Beogh
Jiyva
Lugonu

Annotations:
D 1 transporter


Innate Abilities, Weirdness & Mutations

You cannot wear boots.
Your serpentine skin is tough. (AC +2)
You have supernaturally acute eyesight. (SInv)
Armour fits poorly on your strangely shaped body.
Your system is resistant to poisons. (rPois)
You cover ground very slowly.
You have a slow metabolism.
You can spit poison.


Message History

Okay, then.
You feel much better. You block the death cob's attack.
BOUMMMMG!
You block the death cob's attack.
SHROANNG!
The draconian hits you with a +0 dagger.
You block the draconian's attack.
GONNNNG!
The draconian hits you but does no damage.
The death cob hits you!
* * * LOW HITPOINT WARNING * * *
The draconian hits you with a +0 dagger.
* * * LOW HITPOINT WARNING * * *
You block the draconian's attack.
GONNNNG!
Unknown command.
Unknown command.
Evoke which item? (* to show all) (? for menu, Esc to quit)
Okay, then.
Are you sure you want to abandon this character and quit the game? (Confirm with "yes".)

▓▓▓▓▓▓▓▓▓▓▓▓▓▓▓▓▓▓▓
▓.8©8.▓.8©8.▓.8©8.▓
▓."=:.▓.)|).▓.....▓
▓..?..▓.....▓.).=.▓
▓.....▓.....▓.|)..▓
▓.....▓.....▓.....▓
▓...zd▓)÷)..▓..©..▓
▓..d@d▓..©..▓▓▓▓▓▓▓
▓▓▓▓▓▓▓▓▓▓▓▓▓


You could see a death cob and 3 draconians.

Vanquished Creatures
  2 spriggans (D)
  A wolf (D)
  2 orc wizards (D)
5 creatures vanquished.

Notes
Turn   | Place    | Note
-------+----------+-------------------------------------------
     0 | D        | Arum the Naga Fighter began the quest for the Orb.
     0 | D        | Reached XP level 1. HP: 21/21 MP: 1/1
    21 | D        | Found a blossoming altar of Fedhas.
    22 | D        | Found the +6 Majin-Bo {vamp, Archmagi MP+6 Int+6}
    22 | D        | Found the +7 great mace "Firestarter" {inner flame, rF++}
    22 | D        | Found a transporter.
    22 | D        | Found a viscous altar of Jiyva.
    22 | D        | Found an ancient bone altar of Kikubaaqudgha.
    22 | D        | Found a hazy altar of Hepliaklqana.
    22 | D        | Found a corrupted altar of Lugonu.
    22 | D        | Found an opulent altar of Gozag.
    22 | D        | Found a burning altar of Makhleb.
    24 | D        | Found a stormy altar of Qazlal.
    24 | D        | Found a sacrificial altar of Ru.
    24 | D        | Found an iron altar of Okawaru.
    24 | D        | Found a shimmering blue altar of Sif Muna.
    24 | D        | Found a sparkling altar of Nemelex Xobeh.
    24 | D        | Found a bloodstained altar of Trog.
    29 | D        | Found the +9 heavy crossbow "Sniper" {velocity, Acc+∞ SInv}
    29 | D        | Found the +10 dark maul {crush}
    29 | D        | Found the +15 Maxwell's patent armour {-Cast -Tele rElec
                  | MR+ rCorr}
    29 | D        | Found the +18 shield of the Gong {rElec rN+ MR+ EV-5}
    29 | D        | Found the cursed +14 obsidian axe {chop, +Fly SInv *Curse}
    31 | D        | Found the +6 shillelagh "Devastator" {shatter}
    31 | D        | Found the +11 plutonium sword {*Contam Stlth-}
    31 | D        | Found the +8 lance "Wyrmbane" {slay drac, rPois rF+ rC+
                  | AC+3}
    31 | D        | Found the +9 sword of Zonguldrok {reap}
    31 | D        | Found the cursed +13 scythe of Curses {drain, *Curse}
    31 | D        | Found the +0 sword of Power
    31 | D        | Found the +7 mace of Variability {chain chaos}
    31 | D        | Found the +7 Singing Sword {slice, sonic wave}
    31 | D        | Found the +8 storm bow {elec, penet}
    88 | D        | Reached skill level 5 in Fighting
    88 | D        | Reached XP level 2. HP: 32/32 MP: 2/2
    98 | D        | Became a worshipper of Cheibriados the Contemplative
   125 | D        | Entered arena 2.
   125 | D        | Found a transporter.
   127 | D        | Reached XP level 3. HP: 39/39 MP: 3/3
   127 | D        | Reached * piety under Cheibriados
   127 | D        | Reached skill level 6 in Fighting
   127 | D        | Reached XP level 4. HP: 48/48 MP: 4/4
   131 | D        | Got the ring "Foatwenuti" {Str+3 Stlth+}
   135 | D        | Entered arena 3.
   135 | D        | Noticed a wolf
   135 | D        | Noticed a spriggan
   135 | D        | Noticed a spriggan
   135 | D        | Found a transporter.
   140 | D        | Killed a spriggan
   140 | D        | Reached skill level 7 in Fighting
   140 | D        | Reached skill level 5 in Maces & Flails
   140 | D        | Reached skill level 5 in Armour
   140 | D        | Reached XP level 5. HP: 55/57 MP: 5/5
   141 | D        | Killed a wolf
   141 | D        | Reached ** piety under Cheibriados
   141 | D        | Reached XP level 6. HP: 65/67 MP: 6/6
   144 | D        | Killed a spriggan
   144 | D        | Reached skill level 8 in Fighting
   144 | D        | Reached XP level 7. HP: 74/75 MP: 7/7
   157 | D        | Entered arena 4.
   157 | D        | Noticed a draconian
   157 | D        | Noticed a death cob
   157 | D        | Noticed a draconian
   157 | D        | Noticed a draconian
   157 | D        | Found a transporter.
   163 | D        | Quit the game

Levels and vault maps discovered:
D:        sprint_v [room_start, room_1, room_2, room_3, room_4, room_5, room_6,
          room_7, room_8, room_9, room_10, room_11, room_12, room_13, room_14,
          room_15, room_16, room_17, room_18, room_19, room_20, room_21,
          room_22, room_23, room_24, room_25, room_26, room_27]

Skill      XL: |  1  2  3  4  5  6 |
---------------+-------------------+-----
Fighting       | 5 6 7 8 |  8.5
Maces & Flails | 4 5 6 |  6.0
Shields        | 4 6 7 |  7.5
Armour         | 3 5 6 |  6.7

Action                   |  1- 3 |  4- 6 |  7- 9 || total
-------------------------+-------+-------+-------++-------
Melee: Shillelagh        |     1 |     8 |     3 ||    12
  Use: Potion            |     1 |       |     1 ||     2
Armor: Gold dragon scale |       |     3 |     2 ||     5
Block: Shield            |     1 |    14 |    12 ||    27
